 Dungeon Crawl Stone Soup version 0.18.1-47-g9310371 (webtiles) character file.

423 rftp080 the Slasher (level 7, -5/56 HPs)
             Began as a Formicid Abyssal Knight on June 20, 2016.
             Was a Priest of Lugonu.
             Slain by a decayed bog body (16 damage)
             ... in an ossuary.
             The game lasted 00:10:05 (3860 turns).

rftp080 the Slasher (Formicid Abyssal Knight)       Turns: 3860, Time: 00:10:06

Health: -5/56      AC:  9    Str: 17    XL:     7   Next: 17%
Magic:  9/9        EV:  2    Int: 11    God:    Lugonu [***...]
Gold:   183        SH:  0    Dex: 12    Spells: 0 memorised, 6 levels left

rFire  . . .     SeeInvis +     m - +2 falchion (vamp)
rCold  . . .     Gourm    .     i - +0 chain mail
rNeg   . . .     Faith    .     (no shield)
rPois  .         Spirit   .     (helmet unavailable)
rElec  .         Dismiss  .     (no cloak)
rCorr  .         Reflect  .     (no gloves)
SustAt .         Harm     .     (no boots)
MR     +....                    (no amulet)
Stlth  ..........               v - ring of flight
                                e - ring of protection from magic

@: somewhat resistant to hostile enchantments, extremely unstealthy
A: permanent stasis, dig shafts and tunnels, four strong arms, antennae 3
a: Dig, Shaft Self, Depart the Abyss, Bend Space, Banish, Renounce Religion,
Evoke Flight


You were in an ossuary.
You worshipped Lugonu.
Lugonu was most pleased with you.
You were hungry.

You visited 1 branch of the dungeon, and saw 8 of its levels.
You visited the Abyss 1 time.
You also visited: Ossuary.

You collected 183 gold pieces.

Inventory:

Hand Weapons
 a - a +1 falchion
 m - a +2 vampiric falchion (weapon)
Missiles
 l - 143 stones (quivered)
 u - 44 sling bullets
Armour
 b - a +0 leather armour
 h - a +0 ring mail
 i - a +0 chain mail (worn)
Jewellery
 e - a ring of protection from magic (left hand)
 v - a ring of flight (right hand)
Wands
 s - a wand of flame (32/48)
Scrolls
 j - a scroll of fog {unknown}
 n - 2 scrolls of remove curse
 r - a scroll of identify
 t - a scroll of magic mapping {unknown}
Potions
 f - a potion of agility {unknown}
 g - 3 potions of curing
 k - a potion of heal wounds {unknown}
 o - a potion of cure mutation {unknown}
 p - a potion of berserk rage {unknown}
 w - a potion of might {unknown}
Books
 q - a book of Battle

   Spells                             Type                      Level
   a - Infusion                       Charms                       1
   b - Shroud of Golubria             Charms/Translocation         2
   c - Song of Slaying                Charms                       2
   d - Spectral Weapon                Hexes/Charms                 3
   e - Regeneration                   Charms/Necromancy            3
Comestibles
 c - 3 bread rations
 d - 4 meat rations
 x - 2 chunks of flesh


   Skills:
 + Level 5.0 Fighting
 * Level 5.4 Long Blades
 + Level 3.1 Armour
 - Level 1.0 Dodging
 + Level 3.3 Invocations


You had 6 spell levels left.
You didn't know any spells.

Dungeon Overview and Level Annotations

Branches:
Dungeon (8/15)
 Temple: D:4-7         Lair: D:8-11

Altars:
Okawaru
Xom
The Shining One

Annotations:
D:4 Grinder; KrisztiCat's ghost, amateur GrEE
D:5 Pikel
D:7 ThereIsNoGod's ghost, novice GrFi


Innate Abilities, Weirdness & Mutations

You are under a permanent stasis effect.
You can dig through walls and to a lower floor.
Your four strong arms can wield two-handed weapons with a shield.
You have a pair of large antennae on your head (SInv).


Message History

The puff of frost hits you!
You hit the decayed bog body but do no damage.
The decayed bog body is lightly damaged.
The adder zombie bites you but does no damage.
The decayed bog body hits you!!
The decayed bog body touches you but does no damage.
Your chain mail prevents you from hitting the decayed bog body.
The decayed bog body is lightly damaged.
The adder zombie bites you but does no damage.
The decayed bog body barely misses you. The decayed bog body touches you.
The decayed bog body freezes you. The adder zombie barely misses you.
Drink which item? (? for menu, Esc to quit)
Okay, then.
The decayed bog body hits you.
* * * LOW HITPOINT WARNING * * *
The decayed bog body touches you but does no damage.
There is an empty arch of ancient stone here.
There is a gate leading back out of this place here.
The decayed bog body hits you!
You die...

{ { { { { {
{{ { ##### {
{#@..# #nZ.#
#...# {
##'##
.≈≈≈≈.≈≈≈..+
'#+#+#+#.≈.#


{{{{ .≈.# { ≈##≈# ≈# ≈# You could see a decayed bog body and an adder zombie.

Vanquished Creatures
  Blork the orc (D:6)
  A giant frog (D:8)
  A crimson imp (D:6)
  A jelly (D:7)
  A hound (D:5)
  A gnoll (D:1)
  9 adders
  A shadow imp (D:6)
  2 oozes
  A worm (D:2)
  3 dart slugs
  3 giant geckos
  3 orcs (D:3)
  8 bats
  3 giant cockroaches
  5 goblins
  7 hobgoblins
  3 jackals
  A quokka (D:2)
  A ball python (D:2)
  4 giant newts
  A goblin zombie (D:5)
  10 kobolds
  12 rats
  A rat zombie (D:5)
84 creatures vanquished.

Vanquished Creatures (others)
  7 toadstools (D:1)
7 creatures vanquished.

Grand Total: 91 creatures vanquished

Notes
Turn   | Place    | Note
--------------------------------------------------------------
     0 | Abyss:1  | rftp080 the Formicid Abyssal Knight began the quest for the Orb.
     0 | Abyss:1  | Reached XP level 1. HP: 18/18 MP: 2/2
    25 | D:1      | Escaped the Abyss
   345 | D:1      | Reached XP level 2. HP: 24/25 MP: 3/3
   401 | D:1      | Reached skill level 1 in Dodging
   401 | D:1      | Reached XP level 3. HP: 29/30 MP: 4/4
   581 | D:1      | Reached ** piety under Lugonu
  1255 | D:2      | Reached XP level 4. HP: 37/37 MP: 5/5
  2094 | D:3      | Reached XP level 5. HP: 39/42 MP: 6/6
  2228 | D:3      | Found a shimmering altar of Xom.
  2269 | D:3      | Reached *** piety under Lugonu
  2497 | D:3      | Found a glowing golden altar of the Shining One.
  2852 | D:4      | Noticed Grinder
  2943 | D:4      | Noticed a steam dragon
  3214 | D:4      | Noticed KrisztiCat's ghost (amateur GrEE)
  3235 | D:5      | Entered Level 5 of the Dungeon
  3235 | D:5      | Noticed an ice beast
  3272 | D:5      | Noticed Pikel
  3272 | D:5      | Noticed a slave
  3272 | D:5      | Noticed a slave
  3272 | D:5      | Noticed a slave
  3272 | D:5      | Noticed a slave
  3273 | D:5      | Noticed a centaur
  3292 | D:5      | Reached XP level 6. HP: 17/49 MP: 7/7
  3295 | D:5      | You fall through a shaft for 2 floors!
  3301 | D:7      | Noticed an orc warrior
  3641 | D:7      | Reached skill level 5 in Long Blades
  3656 | D:7      | Found an iron altar of Okawaru.
  3671 | D:7      | Noticed ThereIsNoGod's ghost (novice GrFi)
  3767 | D:5      | Noticed Blork the orc
  3782 | D:6      | Killed Blork the orc
  3782 | D:6      | Reached skill level 5 in Fighting
  3782 | D:6      | Reached XP level 7. HP: 39/56 MP: 9/9
  3810 | D:5      | Found a sand-covered staircase.
  3817 | Ossuary  | Entered an ossuary
  3860 | Ossuary  | Slain by a decayed bog body

Skill      XL: |  1  2  3  4  5  6 |
---------------+-------------------+-----
Fighting       | 4 5 |  5.0
Dodging        | 1 |  1.0
Long Blades    | 3 4 5 |  5.4
Invocations    | 3 |  3.3
Armour         | 3 |  3.1

Action                   |  1- 3 |  4- 6 |  7- 9 || total
-------------------------+-------+-------+-------++-------
Melee: Falchion          |    82 |   246 |     8 ||   336
Invok: Bend Space        |       |     2 |       ||     2
 Abil: Shaft Self        |       |     1 |       ||     1
  Use: Scroll            |       |     3 |       ||     3
       Potion            |       |     1 |       ||     1
  Eat: Chunk             |     1 |     5 |     1 ||     7
       Bread ration      |       |     1 |       ||     1
       Pizza             |       |     2 |       ||     2
Armor: Leather armour    |    15 |       |       ||    15
       Ring mail         |    18 |    44 |       ||    62
       Chain mail        |       |    92 |     6 ||    98
Dodge: Dodged            |    64 |   108 |     5 ||   177
